Map: Ascension to Aiur LE

Players

Shmeker - Winner!

  • Race: Terran Terran
  • League: Diamond
  • Spawn Location: 5:00

A.I. 1 (Very Easy)

  • Race: Protoss Protoss
  • Spawn Location: 11:00

VOD

Have the link to the VOD?

Description

Orden de construccion a dos bases para hacer un push a un protoss por Shmeker

Time

  • Played on: Dec. 11, 2017, 1:34 p.m.
  • Length: 6:17
Show
View Real Time Build Order
Export as new Build Order

Shmeker Terran - Winner!

Build Orders: Reaper Expand, MMM Bio 

Get SALT Encoding   

  12  0:01  SCV  
  13  0:13  SCV  
  14  0:17  Supply Depot  
  14  0:25  SCV  
  15  0:39  SCV  
  15  0:40  Barracks  
  16  0:44  Refinery  
  16  0:51  SCV  
  17  1:03  SCV  
  18  1:15  SCV  
  19  1:27  Orbital Command  
  19  1:31  Reaper  
  20  1:44  Command Center  
  20  1:52  Supply Depot  
  20  2:02  SCV  
  21  2:13  Barracks Reactor  
  21  2:14  SCV  
  22  2:17  Barracks  
  22  2:26  Barracks, SCV  
  23  2:36  Supply Depot  
  23  2:38  SCV  
  24  2:50  SCV  
  24  2:51  Marine x2  
  27  3:02  Orbital Command, SCV  
  28  3:07  Barracks Tech Lab  
  28  3:09  Supply Depot  
  28  3:10  Marine x2  
  30  3:14  Barracks Tech Lab  
  30  3:16  SCV  
  31  3:22  Refinery  
  31  3:28  SCV x2  
  31  3:32  Stimpack  
  31  3:33  Marine  
  34  3:36  Marauder  
  34  3:38  Marauder  
  38  3:41  SCV  
  38  3:42  SCV  
  40  3:50  Marine  
  40  3:51  Marine  
  40  3:54  SCV x2  
  44  3:57  Marauder  
  44  4:00  Marauder  
  48  4:06  SCV x2  
  48  4:08  Supply Depot, Marine  
  51  4:11  Supply Depot, Marine  
  51  4:15  Combat Shields  
  52  4:18  Marauder  
  52  4:20  SCV  
  52  4:21  SCV  
  57  4:26  Marine  
  58  4:32  Marine, Marauder  
  58  4:36  SCV x2  
  62  4:42  Supply Depot  
  62  4:43  Marine, Marauder  
  65  4:48  SCV x2  
  67  4:54  Marauder  
  69  5:00  Marine, SCV  
  69  5:01  Marine, SCV  
  69  5:05  Marauder  
  75  5:09  Refinery  
  75  5:12  SCV  
  75  5:13  SCV  
  77  5:15  Marauder  
  77  5:18  Marine  
  77  5:19  Marine  
  81  5:22  Refinery  
  81  5:26  Marauder  
  83  5:35  Marine  
  83  5:36  Marauder  
  86  5:59  Supply Depot x3  
Show
View Real Time Build Order
Export as new Build Order

A.I. 1 (Very Easy) Protoss 

Build Orders:  

Get SALT Encoding   

  12  0:00  Probe  
  13  0:13  Probe  
  14  0:19  Pylon  
  14  0:36  Assimilator  
  14  0:43  Gateway  
  14  0:47  Pylon  
  14  1:13  Assimilator  
  14  1:19  Probe  
  15  1:31  Probe  
  16  1:33  Cybernetics Core  
  16  1:43  Probe  
  17  1:55  Probe  
  18  2:08  Probe  
  19  2:09  Warp Gate, Stalker  
  21  2:20  Probe  
  21  4:39  Probe  
  22  5:03  Probe  
  22  5:34  Zealot  
  22  5:35  Probe  
  25  5:36  Pylon  
  25  5:39  Robotics Facility  
  21  5:47  Pylon, Probe  
Tags
 
Composition
MMM Bio
League
Diamond
Matchup
PvT
Player
Shmeker
Spawn Locations
Cross Positions
Add a new tag
Caveats
  • Supply blocks, unpowered buildings, or Contaminate may cause inaccurate times.
  • Supply counts are checked every 10 seconds.